 Dungeon Crawl Stone Soup version 0.30-a0-23-ge60ba3568b (webtiles) character file.

Game seed: 4954257174604671171

887 SensoryNuts the Cleaver (level 8, -8/68 HPs)
             Began as a Hill Orc Fighter on Aug 25, 2022.
             Mangled by an orc warrior
             ... wielding a +0 halberd
              (11 damage)
             ... on level 6 of the Dungeon.
             The game lasted 00:04:52 (4596 turns).

SensoryNuts the Cleaver (Hill Orc Fighter)          Turns: 4596, Time: 00:04:53

Health: -8/68      AC:  9    Str: 19    XL:     8   Next: 5%
Magic:  8/8        EV:  9    Int:  8    God:
Gold:   205        SH:  6    Dex: 12    Spells: 7/7 levels left

rFire   . . .      SeeInvis .    a - +0 war axe
rCold   . . .      Faith    .    c - +1 buckler
rNeg    . . .      Spirit   .    b - +0 scale mail
rPois   .          Reflect  .    n - +1 helmet
rElec   .          Harm     .    (no cloak)
rCorr   .          Rampage  .    (no gloves)
Will    .....                    (no boots)
Stlth   ..........               (no amulet)
HPRegen 0.21/turn                d - +4 ring of slaying
MPRegen 0.11/turn                (no ring)

@: no status effects
A: no striking features
a: no special abilities


You were on level 6 of the Dungeon.
You visited 1 branch of the dungeon, and saw 5 of its levels.
You also visited: Sewer.

You collected 205 gold pieces.

Inventory:

Hand Weapons
 a - a +0 war axe (weapon)
Armour
 b - a +0 scale mail (worn)
 c - a +1 buckler (worn)
 n - a +1 helmet (worn)
 s - a +0 cloak
Jewellery
 d - a +4 ring of slaying (left hand)
 l - a ring of fire
Wands
 p - a wand of charming (7)
Scrolls
 f - 3 scrolls of teleportation
 g - 2 scrolls of vulnerability {unknown}
 h - 4 scrolls of identify {unknown}
 j - 2 scrolls of fear {unknown}
 k - a scroll of enchant armour
 m - a scroll of torment {unknown}
 q - a scroll of amnesia {unknown}
 r - a scroll of noise {unknown}
Potions
 e - 4 potions of curing
 o - 2 potions of flight {unknown}
 t - a potion of mutation {unknown}
 u - a potion of cancellation {unknown}


   Skills:
 + Level 5.3 Fighting
 * Level 9.4 Axes
 + Level 4.9 Armour
 + Level 1.3 Dodging
 + Level 0.1 Stealth
 + Level 3.9 Shields


You had 7 spell levels left.
You didn't know any spells.
Your spell library contained the following spells:

 Spells                   Type           Power      Damage    Failure   Level
 Sting                    Tmut/Pois      0%         1d3       85%         1
 Poisonous Vapours        Pois/Air       0%         N/A       94%         2
 Corpse Rot               Necr/Pois/Air  0%         N/A       100%        4
 Olgreb's Toxic Radiance  Pois           0%         N/A       100%        4


Dungeon Overview and Level Annotations

Branches:
Dungeon (4/15)              Sewer (visited)
 Temple: D:4-7

Altars:
Fedhas
Kikubaaqudgha
Uskayaw
Yredelemnul


Message History

The orc warrior barely misses you.
You have reached level 8!
You slash the kobold!
You kill the kobold!
You closely miss the orc priest. You closely miss the kobold.
You block the kobold's attack. The orc priest closely misses you.
The orc warrior closely misses you.
Unknown command.
You feel much better. The kobold barely misses you.
The orc priest hits you but does no damage.
The orc warrior hits you from afar with a +0 halberd.
The orc hits you but does no damage.
Unknown command.
There are monsters nearby!
Unknown command.
There are monsters nearby!
Unknown command.
There are monsters nearby!
Unknown command.
You slash the orc priest!
The orc priest shouts, "Beogh is our master!
Accept the truth or die!"
The orc priest is severely wounded.
You closely miss the orc. You slash the kobold!
You kill the kobold!
You block the orc's attack.
The orc priest hits you with a +0 hand axe.
The orc warrior hits you from afar with a +0 halberd!!
* * * LOW HITPOINT WARNING * * *
You hit the orc priest.
The orc priest is almost dead.
You hit the orc. The orc priest barely misses you.
The orc warrior hits you from afar with a +0 halberd.
* * * LOW HITPOINT WARNING * * *
You block the orc's attack.
Unknown command.
You hit the orc priest.
You kill the orc priest!
You closely miss the orc.
The orc warrior hits you from afar with a +0 halberd!
You die...

#....
#....########
............
...........
..........
.........
#......)#######+##
#......)@........#
#......o#.......#
#......o#..######
........#..###..#
.≈≈...).#.......#
+#§.....#.......#
+......#...##+##
#§.....#####
.≈≈.....#


You could see an orc warrior and an orc.

Vanquished Creatures
  7 kobold brigands
  A scorpion (D:4)
  A howler monkey (D:4)
  An orc priest (D:6)
  Natasha (twice) (D:2)
  Terence (D:3)
  A hound zombie (D:3)
  A gnoll (D:1)
  8 adders
  2 river rats (Sewer)
  A shadow imp (D:6)
  A white imp (D:4)
  An adder zombie (D:3)
  3 worms
  A dart slug (D:2)
  2 orcs (D:6)
  13 ball pythons
  10 endoplasms
  5 giant cockroaches
  4 goblins
  4 hobgoblins
  4 jackals (D:3)
  A quokka (D:2)
  7 bats
  3 frilled lizards
  15 kobolds
  12 rats
112 creatures vanquished.

Vanquished Creatures (others)
  27 plants (D:4)
27 creatures vanquished.

Grand Total: 139 creatures vanquished

Notes
Turn   | Place    | Note
-------+----------+-------------------------------------------
     0 | D:1      | SensoryNuts the Hill Orc Fighter began the quest for the
                  | Orb.
     0 | D:1      | Reached XP level 1. HP: 19/19 MP: 1/1
   281 | D:1      | Reached skill level 3 in Axes
   315 | D:1      | Reached XP level 2. HP: 27/27 MP: 2/2
   567 | D:1      | Found a faded altar of an unknown god.
   585 | D:1      | Reached XP level 3. HP: 33/33 MP: 3/3
  1014 | D:2      | Reached skill level 4 in Axes
  1080 | D:2      | Noticed Natasha
  1090 | D:2      | Killed Natasha
  1091 | D:2      | Reached XP level 4. HP: 8/40 MP: 4/4
  1138 | D:2      | Noticed Natasha
  1149 | D:2      | Killed Natasha
  1950 | D:3      | Reached skill level 5 in Axes
  1950 | D:3      | Reached XP level 5. HP: 45/47 MP: 5/5
  1963 | D:3      | Found a basalt altar of Yredelemnul.
  2548 | D:3      | Found an ancient bone altar of Kikubaaqudgha.
  2563 | D:3      | Noticed Terence
  2571 | D:3      | Killed Terence
  2584 | D:3      | Found a hide-covered altar of Uskayaw.
  2777 | D:4      | Identified the +3 whip of Vuchy {vorpal, rN+ Dex+4 Stlth+}
  3001 | D:4      | Reached skill level 6 in Axes
  3001 | D:4      | Reached XP level 6. HP: 36/53 MP: 6/6
  3074 | D:4      | Reached skill level 7 in Axes
  3166 | D:4      | Found a glowing drain.
  3176 | Sewer    | Entered a sewer
  3677 | Sewer    | Reached XP level 7. HP: 52/60 MP: 7/7
  3763 | Sewer    | Reached skill level 8 in Axes
  3763 | Sewer    | Reached skill level 1 in Dodging
  3881 | Sewer    | Reached skill level 5 in Fighting
  4331 | Sewer    | Reached skill level 9 in Axes
  4489 | D:4      | Found a blossoming altar of Fedhas.
  4556 | D:4      | You fall into a shaft and drop 2 floors!
  4592 | D:6      | Reached XP level 8. HP: 15/68 MP: 8/8
  4595 | D:6      | HP: 3/68 [orc warrior/+0 halberd (3)]
  4596 | D:6      | Mangled by an orc warrior

Illustrated notes

Levels and vault maps discovered:
D:1:      wander_arrival_desolate, layout_basic,
          shapermc_ecumenical_altar_mp_ritualfount
D:2:      layout_basic, uniq_natasha
D:3:      layout_basic, lemuel_zombie_altar_yredelemnul,
          mainiacjoe_overflow_two_lobes, minmay_quantized, uniq_terence
D:4:      layout_cave_pools, mainiacjoe_overflow_tiny_flanked, serial_bayou,
          serial_bayou_ford_a, serial_bayou_lake_a, serial_bayou_lagoon_a,
          serial_bayou_lagoon_b, serial_bayou_pond_e, portal_sewer_entry_a,
          skrybe_limestone_x, uniq_pikel, uniq_crazy_yiuf_cottage
D:6:      layout_gridville, nicolae_ashenzari_panopticon, serial_shops,
          nicolae_shop_statue_plus, nicolae_lakefront_shop, nicolae_square_shop,
          kennysheep_mini_moat, uniq_prince_ribbit1, uniq_grinder

Skill      XL: |  1  2  3  4  5  6  7 |
---------------+----------------------+-----
Axes           | 3 4 5 6 7 9 |  9.4
Fighting       | 4 5 |  5.3
Armour         | 4 |  4.9
Dodging        | 1 |  1.3
Stealth        | |  0.1
Shields        | |  3.9

Action                   |  1- 3 |  4- 6 |  7- 9 || total
-------------------------+-------+-------+-------++-------
Melee: War axe           |    74 |   174 |   107 ||   355
  Use: Potion            |     1 |     6 |     5 ||    12
       Scroll            |       |     2 |       ||     2
Armor: Scale mail        |    38 |    89 |    45 ||   172
Dodge: Dodged            |    43 |    75 |    44 ||   162
Block: Buckler           |     9 |    45 |    26 ||    80

Table legend: (Time is in decaauts)
 A = Elapsed time spent in this place.
 B = Non-inter-level travel time spent in this place.
 C = Inter-level travel time spent in this place.
 D = Time resting spent in this place.
 E = Time spent auto-exploring this place.
 F = Levels seen in this place.
 G = Mean time per level.
                   A        B        C        D        E       F      G
               +--------+--------+--------+--------+--------+-----+--------+
         Total |   4836 |   4819 |     17 |     35 |   3847 |   6 |  806.0 |
       Dungeon |   3376 |   3359 |     17 |     35 |   2669 |   5 |  675.2 |
         Sewer |   1460 |   1460 |      0 |      0 |   1178 |   1 | 1460.0 |
               +--------+--------+--------+--------+--------+-----+--------+

Top non-repeatable levels by time:
   Sewer: 1460 daAuts
     D:3: 959 daAuts
     D:2: 936 daAuts
     D:1: 903 daAuts
     D:4: 535 daAuts
     D:6: 41 daAuts
